 Dungeon Crawl Stone Soup version 0.30-a0-776-g08fbeb92c1 (webtiles) character file.

Game seed: 4697093283329838429

6206 Drevant2 the Nimble (level 10, -3/68 (69) HPs)
             Began as a Red Draconian Ice Elementalist on Feb 13, 2023.
             Was a Believer of Qazlal.
             Slain by a catoblepas (25 damage)
             ... on level 9 of the Dungeon.
             The game lasted 00:29:18 (9829 turns).

Drevant2 the Nimble (DrIE)                          Turns: 9829, Time: 00:29:18

HP:   -3/68 (69)    AC:  9    Str: 11    XL:     10   Next: 61%
MP:   16/19         EV: 17    Int: 19    God:    Qazlal [**....]
Gold: 125           SH:  2    Dex: 12    Spells: 14/21 levels left

rFire   . . .      SeeInvis .    F - +4 scimitar (flame)
rCold   + . .      Faith    .    (no shield)
rNeg    . . .      Spirit   .    (body armour unavailable)
rPois   .          Reflect  .    (helmet restricted)
rElec   .          Harm     .    (no cloak)
rCorr   .          Rampage  .    t - +1 pair of gloves
Will    .....                    (no boots)
Stlth   ++                       (no amulet)
HPRegen 0.31/turn                m - ring of ice
MPRegen 0.16/turn                (no ring)

@: freezing walls, lightly drained
A: breathe fire, AC +7, unfitting armour, fire resistance 1, cold-blooded
a: Breathe Fire, Renounce Religion, Upheaval


You were on level 9 of the Dungeon.
You worshipped Qazlal.
Qazlal was pleased with you.
You visited 2 branches of the dungeon, and saw 10 of its levels.

You collected 342 gold pieces.
You spent 217 gold pieces at shops.

Inventory:

Hand Weapons
 c - a +0 short sword
 h - a +1 dagger of protection
 z - a +2 dagger of draining
 A - the +2 whip "Duon" {drain, Dex+3}
   (You found it on level 6 of the Dungeon)

   Dex:       It affects your dexterity (+3).
 F - a +4 scimitar of flaming (weapon)
Armour
 f - a scarf of invisibility
 t - a +1 pair of gloves (worn)
Jewellery
 g - a ring of magical power
 m - a ring of ice (left hand)
 C - a ring of fire
Wands
 n - a wand of roots (26)
 p - a wand of digging (4)
 G - a wand of flame (21)
Scrolls
 d - 3 scrolls of fear
 e - 3 scrolls of summoning {unknown}
 r - a scroll of poison {unknown}
 s - 3 scrolls of teleportation
 u - a scroll of silence {unknown}
 w - a scroll of amnesia
 x - 2 scrolls of magic mapping
 y - 3 scrolls of noise {unknown}
 B - a scroll of vulnerability {unknown}
 D - 2 scrolls of identify
 E - a scroll of blinking {unknown}
Potions
 a - a potion of magic
 b - 3 potions of degeneration
 i - 2 potions of brilliance
 j - 2 potions of might
 k - 3 potions of lignification
 l - 2 potions of invisibility
 o - a potion of flight {unknown}
 v - a potion of berserk rage
 H - 2 potions of curing


   Skills:
 * Level 0.1 Long Blades
 - Level 12.4 Dodging
 - Level 1.7 Stealth
 - Level 6.4 Spellcasting
 - Level 5.8 Ice Magic


You had 14 spell levels left.
You knew the following spells:

 Your Spells              Type           Power      Damage    Failure   Level
a - Freeze                Ice            100%       1d10      1%          1
b - Frozen Ramparts       Ice            84%        1d13      3%          3
c - Ozocubu's Armour      Ice            42%        N/A       3%          3

Your spell library contained the following spells:

 Spells                   Type           Power      Damage    Failure   Level
 Sandblast                Erth           12%        2d6       11%         1
 Passwall                 Tmut/Erth      5%         N/A       16%         2
 Portal Projectile        Hex/Tloc       12%        N/A       32%         3
 Stone Arrow              Conj/Erth      12%        3d7       32%         3
 Tukima's Dance           Hex            6%         N/A       32%         3
 Summon Ice Beast         Ice/Summ       25%        N/A       32%         4
 Blade Hands              Tmut           3%         N/A       96%         5


Dungeon Overview and Level Annotations

Branches:
Dungeon (9/15)             Temple (1/1) D:6
   Lair: D:8-11         Orc: D:9-12

Altars:
Ashenzari
Cheibriados
Dithmenos
Elyvilon
Fedhas
Gozag
Hepliaklqana
Kikubaaqudgha
Makhleb
Nemelex Xobeh
Okawaru
Qazlal
Ru
Trog
Uskayaw
Wu Jian
Xom
Yredelemnul
Zin
The Shining One

Shops:
D:4 **   D:6 [


Innate Abilities, Weirdness & Mutations

You can breathe blasts of fire.
Your fiery red scales are hard. (AC +7)
You cannot fit into any form of body armour.
Your flesh is heat resistant. (rF+)
You are cold-blooded and may be slowed by cold attacks.


Message History

Casting: Frozen Ramparts (dangerous; 3% risk of failure)
Press: ? - help, Dir - look around, f - activate
Okay, then.
The catoblepas gores you!
Casting: Frozen Ramparts (dangerous; 3% risk of failure)
Confirm with . or Enter, or press ? or * to list all spells.
Casting: Frozen Ramparts (dangerous; 3% risk of failure)
Press: ? - help, Dir - look around, f - activate You feel a surge of power!
The walls around you are covered in ice.
The wall freezes the catoblepas.
The catoblepas barely misses you.
Casting: Frozen Ramparts (dangerous; 3% risk of failure)
Confirm with . or Enter, or press ? or * to list all spells.
Aiming: Freeze (safe; 1% risk of failure)
Press: ? - help, Shift-Dir - straight line, f - catoblepas
Aim: a catoblepas (lightly wounded)
You feel a surge of power!
You freeze the catoblepas.
The catoblepas is lightly wounded.
The wall freezes the catoblepas!
The catoblepas gores you.
Casting: Freeze (safe; 1% risk of failure)
Confirm with . or Enter, or press ? or * to list all spells.
Aiming: Freeze (safe; 1% risk of failure)
Press: ? - help, Shift-Dir - straight line, f - you, p - catoblepas That would be overly suicidal.
Okay, then.
You slash the catoblepas! You burn the catoblepas.
The catoblepas is moderately wounded.
The wall freezes the catoblepas.
The catoblepas gores you!
You hit the catoblepas. You burn the catoblepas.
Your tail-slap misses the catoblepas.
The catoblepas is heavily wounded.
The wall freezes the catoblepas.
The catoblepas gores you but does no damage.
The wall freezes the catoblepas!
The catoblepas gores you!!
* * * LOW HITPOINT WARNING * * *
You hit the catoblepas. You burn the catoblepas.
The catoblepas is heavily wounded.
The wall freezes the catoblepas but does no damage.
The catoblepas gores you!!
You die...

##.............
#..............
##..............
#.........)<....
##.........).....
#................
##..........>#....
#.........########
#..#@........#
#..Y.○.#######
##.....# ....#####
####


You could see a catoblepas.

Vanquished Creatures
  Erica (D:8)
  Pikel (D:5)
  Maggie (D:8)
  Psyche (D:8)
  A freezing wraith (D:8)
  Prince Ribbit (D:8)
  A wyvern (D:8)
  Grum (D:8)
  3 steam dragons
  Duvessa (D:4)
  4 water moccasins
  3 ice beasts
  An orc warrior (D:8)
  A sky beast (D:6)
  2 black bears
  An ogre (D:5)
  3 wolves (D:8)
  2 centaurs (D:8)
  A phantom (D:4)
  A lemure (D:5)
  Blork the orc (D:5)
  4 kobold brigands
  3 bullfrogs
  2 scorpions
  3 wights (D:9)
  Dowan (D:4)
  4 killer bees
  3 howler monkeys (D:8)
  3 jellies
  An orc priest (D:8)
  4 hounds
  2 iguanas
  5 orc wizards
  A gnoll (D:8)
  5 adders
  A white imp (D:7)
  A howler monkey simulacrum (D:9)
  An ufetubus (D:6)
  2 worms
  2 dart slugs
  25 orcs
  6 ball pythons
  2 bats
  8 endoplasms
  3 giant cockroaches
  12 goblins
  14 hobgoblins
  A jackal (D:3)
  21 kobolds
  A quokka (D:2)
  A frilled lizard (D:2)
  14 rats
188 creatures vanquished.

Vanquished Creatures (others)
  A bat (D:3)
1 creature vanquished.

Grand Total: 189 creatures vanquished

Notes
Turn   | Place    | Note
-------+----------+-------------------------------------------
     0 | D:1      | Drevant2 the Draconian Ice Elementalist began the quest for
                  | the Orb.
     0 | D:1      | Reached XP level 1. HP: 14/14 MP: 3/3
   254 | D:1      | Reached XP level 2. HP: 20/20 MP: 1/5
   744 | D:1      | Reached skill level 5 in Ice Magic
   808 | D:1      | Reached XP level 3. HP: 26/26 MP: 6/6
   868 | D:1      | Learned a level 3 spell: Frozen Ramparts
  1867 | D:3      | Found a faded altar of an unknown god.
  1884 | D:3      | Reached XP level 4. HP: 33/33 MP: 7/7
  2151 | D:3      | Noticed a water moccasin
  2179 | D:2      | Reached XP level 5. HP: 38/38 MP: 8/8
  2567 | D:3      | Found a broken altar of Ashenzari.
  2749 | D:4      | Found Koibrirupn's General Store.
  2776 | D:4      | Bought a potion of invisibility for 112 gold pieces
  2818 | D:4      | Noticed Duvessa
  2818 | D:4      | Noticed Dowan
  2821 | D:4      | Noticed a phantom
  2985 | D:3      | Learned a level 3 spell: Ozocubu's Armour
  3094 | D:5      | Entered Level 5 of the Dungeon
  3126 | D:5      | Noticed an ogre
  3584 | D:5      | Reached XP level 6. HP: 45/45 MP: 4/10
  3633 | D:5      | Found a blossoming altar of Fedhas.
  3891 | D:5      | Found a shimmering altar of Xom.
  3895 | D:5      | Noticed Pikel
  3927 | D:5      | Killed Pikel
  3928 | D:5      | Your scales start taking on a fiery red colour.
  3928 | D:5      | Reduced skill Ice Magic to level 5
  3928 | D:5      | Reached XP level 7. HP: 23/50 MP: 2/16
  3928 | D:5      | Gained mutation: Your flesh is heat resistant. (rF+) [Red
                  | Draconian growth]
  4150 | D:5      | Reached skill level 2 in Dodging
  4176 | D:5      | Reached skill level 3 in Dodging
  4176 | D:5      | Reached XP level 8. HP: 46/57 MP: 11/17
  4322 | D:5      | Noticed Blork the orc
  4329 | D:5      | Killed Blork the orc
  4423 | D:5      | Reached skill level 4 in Dodging
  4535 | D:5      | Found a sparkling altar of Nemelex Xobeh.
  4536 | D:5      | Found a sacrificial altar of Ru.
  4609 | D:6      | Reached skill level 5 in Dodging
  4797 | D:6      | Reached skill level 6 in Dodging
  5044 | D:6      | Found Gigh's Armour Emporium.
  5081 | D:6      | Identified the +2 whip "Duon" {drain, Dex+3}
  5353 | D:6      | Found a staircase to the Ecumenical Temple.
  5586 | Temple   | Entered the Ecumenical Temple
  5784 | Temple   | Became a worshipper of Qazlal Stormbringer
  6033 | D:4      | Found Veegar's General Store.
  6120 | D:4      | Reached skill level 7 in Dodging
  6389 | D:3      | Reached XP level 9. HP: 62/62 MP: 11/18
  6620 | D:4      | Killed Duvessa
  6624 | D:4      | Killed Dowan
  6841 | D:4      | Bought a scroll of magic mapping for 105 gold pieces
  7185 | D:7      | Reached skill level 8 in Dodging
  7385 | D:7      | Reached * piety under Qazlal
  7578 | D:7      | Found a shadowy altar of Dithmenos.
  7695 | D:7      | Reached skill level 9 in Dodging
  8033 | D:8      | Noticed Maggie
  8040 | D:8      | Killed Maggie
  8154 | D:8      | Noticed Prince Ribbit
  8155 | D:8      | Noticed Erica
  8162 | D:8      | Killed Prince Ribbit
  8163 | D:8      | Reached skill level 10 in Dodging
  8168 | D:8      | Killed Erica
  8169 | D:8      | Reached skill level 11 in Dodging
  8169 | D:8      | Reached XP level 10. HP: 35/69 MP: 11/19
  8619 | D:8      | Noticed Grum
  8627 | D:8      | Reached ** piety under Qazlal
  8632 | D:8      | Killed Grum
  8934 | D:8      | Found a bloodstained altar of Trog.
  8934 | D:8      | Found an iron altar of Okawaru.
  9149 | D:8      | Noticed Psyche
  9154 | D:8      | Reached skill level 12 in Dodging
  9157 | D:8      | Killed Psyche
  9387 | D:9      | Noticed a cyclops
  9822 | D:9      | Noticed a catoblepas
  9829 | D:9      | Slain by a catoblepas

Illustrated notes

Levels and vault maps discovered:
D:1:      erik_arrival_triangle_huge, layout_basic
D:2:      layout_basic, minmay_goblin_outpost
D:3:      layout_rooms, cheibrodos_ashenzari_chains,
          shapermc_ecumenical_altar_notcrosses, kennysheep_generic_room_2
D:4:      layout_layer_cave, serial_shops, shop, shop, uniq_duvessa
D:5:      layout_loops_ring, nicolae_overflow_hidden_temple, fedhas_altar_1,
          uniq_pikel, uniq_menkaure, uniq_blork_the_orc
D:6:      layout_loops_ring, minmay_temple_entry_nine_rooms, serial_shops, shop,
          st_stairs_13
D:7:      layout_rooms, nicolae_dithmenos_the_darkroom,
          hangedman_decor_opposing, lightli_orcish_oven
D:8:      layout_loops_ring, grunt_temple_overflow_bloody_war,
          nicolae_concentric_dashed_squares_mild, st_stairs_14,
          minmay_diced_spiral, uniq_maggie, uniq_grum, uniq_erica, uniq_psyche,
          uniq_prince_ribbit1
D:9:      minmay_diamond_stairs, layout_rooms, nicolae_vehumet_radiance,
          kennysheep_orc_monster_closet_entryway, minmay_misc_feat_iff,
          grunt_potential
Temple:   chequers_temple_sunken

Skill      XL: |  1  2  3  4  5  6  7  8  9 10 |
---------------+-------------------------------+-----
Ice Magic      | 5 6 7 5 |  5.8
Spellcasting   | 3 6 |  6.4
Dodging        | 3 7 11 12 | 12.4
Long Blades    | |  0.1
Stealth        | |  1.7

Action                     |  1- 3 |  4- 6 |  7- 9 | 10-12 || total
---------------------------+-------+-------+-------+-------++-------
  Melee: Unarmed           |     3 |       |       |       ||     3
         Tailslap          |    16 |    10 |    18 |     8 ||    52
         Dagger            |    78 |    69 |   112 |       ||   259
         Short sword       |    14 |       |       |       ||    14
         Punch             |     1 |       |     5 |     1 ||     7
         Whip              |       |       |    75 |     8 ||    83
         Scimitar          |       |       |       |    45 ||    45
   Cast: Freeze            |    36 |    19 |    27 |     6 ||    88
         Frozen Ramparts   |       |    12 |    27 |     6 ||    45
         Ozocubu's Armour  |       |       |     2 |     2 ||     4
Ability: Breathe Fire      |       |       |    11 |     5 ||    16
    Use: Scroll            |     4 |       |     5 |       ||     9
         Potion            |       |     1 |     2 |     2 ||     5
   Stab: Sleeping          |     6 |       |     1 |       ||     7
 Armour: Skin              |    36 |    28 |    88 |    21 ||   173
  Dodge: Dodged            |    79 |    59 |   141 |    70 ||   349
  Block: Other             |       |       |     1 |     8 ||     9

Table legend: (Time is in decaauts)
 A = Elapsed time spent in this place.
 B = Non-inter-level travel time spent in this place.
 C = Inter-level travel time spent in this place.
 D = Time resting spent in this place.
 E = Time spent auto-exploring this place.
 F = Levels seen in this place.
 G = Mean time per level.
                   A        B        C        D        E       F      G
               +--------+--------+--------+--------+--------+-----+--------+
         Total |   9948 |   8529 |   1419 |   3229 |   3699 |  10 |  994.8 |
       Dungeon |   9688 |   8335 |   1353 |   3229 |   3513 |   9 | 1076.4 |
        Temple |    260 |    194 |     66 |      0 |    185 |   1 |  260.0 |
               +--------+--------+--------+--------+--------+-----+--------+

Top non-repeatable levels by time:
     D:5: 1620 daAuts
     D:8: 1584 daAuts
     D:6: 1438 daAuts
     D:3: 1214 daAuts
     D:2: 1206 daAuts
     D:7: 982 daAuts
     D:1: 873 daAuts
     D:4: 682 daAuts
  Temple: 260 daAuts
     D:9: 85 daAuts
